AoeStats
← JamesNewstedd

Arena

510305091Analyzed
4v4 RM · 24h ago on Sep 30, 2026· 49m 57s· 8 players
Game mode
Random Map
Map size
Large (8 player)
Population
200
Speed
Normal
Resources
Standard
Victory
Conquest
Starting age
Dark Age
Ending age
Imperial Age
RankedLock teamsTeams togetherTeam positionsShared explorationLock speedFull tech treeHidden civsTurbo modeCheats
Victory
Defeat
🇨🇭 Goths · Switzerland
1509
+15
🇨🇳 Ethiopians · China
1496
+16
🇵🇱 Bulgarians · Poland
1463
+17
🇨🇿 Britons · Czechia
1451
+17
🇩🇪 Portuguese · Germany
1533
-18
🇩🇪 Burmese · Germany
1497
-17
🇩🇪 Georgians · Germany
1477
-16
🇩🇪 Celts · Germany
1437
-14
Öl1ng
8:10 Feudal Age
6:26 Loom
8:10 Loom
9:04 Double-Bit Axe
9:07 Horse Collar
19:37 Castle Age
25:37 Imperial Age
23:01 Stone Mining
23:01 Gold Mining
25:26 Bow Saw
25:16 Gold Mining
27:23 Chemistry
34:34 Wheelbarrow
33:45 Town Watch
37:41 Hand Cart
39:41 Bow Saw
39:51 Padded Archer Armor
40:33 Heavy Plow
42:06 Ballistics
42:20 Guard Tower
42:41 Arquebus
43:23 Siege Engineers
44:38 Bombard Tower
44:06 Treadmill Crane
44:38 Masonry
44:24 Murder Holes
45:47 Fletching
47:15 Guilds
47:09 Bodkin Arrow
47:32 Hand Cart
48:00 Coinage
47:52 Bracer
48:53 Architecture
49:42 Thumb Ring
105er.DarkSheep
10:29 Feudal Age
14:38 Castle Age
13:05 Double-Bit Axe
13:02 Horse Collar
15:45 Bow Saw
15:45 Heavy Plow
21:34 Wheelbarrow
23:44 Hand Cart
23:37 Stone Mining
23:38 Gold Mining
25:12 Loom
25:12 Town Watch
28:39 Imperial Age
26:55 Scale Mail Armor
27:05 Forging
28:03 Gold Shaft Mining
27:38 Caravan
28:04 Chain Mail Armor
29:12 Iron Casting
29:54 Plate Mail Armor
31:26 Blast Furnace
29:55 Elite Woad Raider
30:55 Conscription
32:37 Stone Shaft Mining
32:05 Fletching
35:45 Bodkin Arrow
35:45 Stronghold
36:46 Coinage
36:44 Masonry
36:55 Ballistics
37:48 Hoardings
38:30 Chemistry
38:38 Murder Holes
39:48 Banking
47:18 Onager
48:04 Siege Engineers
48:11 Furor Celtica
48:48 Siege Onager
JamesNewstedd
10:51 Feudal Age
14:20 Castle Age
12:09 Horse Collar
15:29 Heavy Plow
17:10 Wheelbarrow
17:19 Fervor
23:18 Gold Mining
26:06 Hand Cart
28:46 Imperial Age
27:51 Gold Shaft Mining
27:07 Stone Mining
27:41 Padded Archer Armor
27:55 Caravan
28:36 Treadmill Crane
29:10 Masonry
29:52 Conscription
30:00 Elite Arambai
30:53 Fletching
33:10 Bodkin Arrow
33:21 Scale Barding Armor
34:16 Bloodlines
34:07 Husbandry
34:14 Bracer
35:05 Coinage
35:14 Parthian Tactics
37:01 Chain Barding Armor
36:51 Forging
37:17 Banking
39:27 Architecture
39:58 Chemistry
48:43 Iron Casting
48:43 Plate Barding Armor
48:08 Light Cavalry
49:12 Hussar
Ned Stark's Bastard
10:52 Feudal Age
12:02 Loom
14:48 Castle Age
12:38 Double-Bit Axe
12:44 Horse Collar
15:51 Bow Saw
20:26 Forging
21:26 Wheelbarrow
24:36 Iron Casting
23:58 Light Cavalry
24:38 Husbandry
25:07 Gold Mining
27:05 Hand Cart
27:06 Town Watch
28:05 Bloodlines
29:06 Heavy Plow
33:01 Imperial Age
31:16 Scale Barding Armor
31:28 Treadmill Crane
32:00 Masonry
33:17 Chain Barding Armor
33:04 Cavalier
34:22 Plate Barding Armor
34:33 Conscription
35:44 Blast Furnace
34:59 Aznauri Cavalry
36:14 Hussar
38:03 Onager
40:59 Siege Onager
fall
10:34 Feudal Age
14:22 Castle Age
12:37 Double-Bit Axe
12:59 Horse Collar
15:22 Bow Saw
15:12 Heavy Plow
16:21 Wheelbarrow
18:40 Town Watch
19:48 Loom
23:58 Hand Cart
24:48 Stone Mining
24:49 Gold Mining
28:25 Imperial Age
26:24 Ballistics
27:27 Fletching
27:21 Crossbowman
28:24 Padded Archer Armor
28:20 Bodkin Arrow
29:04 Leather Archer Armor
29:07 Bracer
30:09 Chemistry
29:31 Conscription
30:30 Two-Man Saw
30:04 Ring Archer Armor
29:21 Arbalester
30:53 Yeomen
31:51 Warwolf
32:01 Warwolf
32:26 Caravan
33:36 Pikeman
34:17 Squires
34:02 Arson
34:18 Scale Mail Armor
34:43 Masonry
34:43 Fortified Wall
35:35 Elite Skirmisher
38:21 Architecture
40:29 Hoardings
40:10 Forging
40:15 Chain Mail Armor
45:15 Gold Shaft Mining
Zlap
10:20 Feudal Age
10:56 Feudal Age
11:56 Double-Bit Axe
14:31 Castle Age
12:16 Horse Collar
15:56 Bow Saw
19:33 Fervor
22:10 Wheelbarrow
22:42 Loom
22:42 Town Watch
23:38 Sanctity
23:47 Hand Cart
26:02 Gold Mining
26:02 Stone Mining
29:22 Imperial Age
26:57 Scale Mail Armor
27:50 Forging
27:22 Treadmill Crane
27:57 Heavy Plow
28:34 Stone Shaft Mining
28:18 Chain Mail Armor
28:31 Squires
29:34 Anarchy
29:06 Pikeman
30:25 Iron Casting
31:07 Chemistry
31:10 Two-Man Saw
29:46 Capped Ram
30:52 Conscription
30:10 Halberdier
30:14 Man-at-Arms
32:15 Blast Furnace
30:47 Long Swordsman
31:15 Two-Handed Swordsman
31:52 Champion
34:59 Perfusion
37:12 Crop Rotation
37:53 Masonry
37:38 Murder Holes
37:35 Fletching
38:06 Ballistics
38:23 Coinage
37:56 Caravan
40:21 Banking
41:31 Guilds
41:48 Bodkin Arrow
42:26 Architecture
42:21 Heavy Scorpion
43:17 Bracer
43:17 Padded Archer Armor
44:45 Leather Archer Armor
46:00 Town Patrol
46:05 Elite Skirmisher
47:36 Ring Archer Armor
WCID
9:16 Loom
11:06 Feudal Age
14:34 Fletching
18:52 Castle Age
17:14 Double-Bit Axe
18:46 Stone Mining
18:48 Horse Collar
20:11 Bow Saw
20:37 Town Watch
28:22 Heavy Plow
30:01 Bodkin Arrow
32:37 Wheelbarrow
36:21 Gold Mining
40:25 Imperial Age
38:50 Padded Archer Armor
40:00 Leather Archer Armor
40:08 Ballistics
39:17 Crossbowman
40:56 Thumb Ring
42:16 Arbalester
43:01 Bracer
43:08 Onager
45:15 Scale Barding Armor
46:06 Chain Barding Armor
45:32 Light Cavalry
46:14 Husbandry
46:28 Forging
46:50 Ring Archer Armor
46:28 Elite Skirmisher
47:05 Hussar
48:22 Iron Casting
49:36 Two-Man Saw
49:38 Blast Furnace
49:05 Capped Ram
Gunnar
10:30 Feudal Age
14:05 Castle Age
12:22 Double-Bit Axe
12:28 Horse Collar
15:35 Bow Saw
16:13 Heavy Plow
20:54 Wheelbarrow
22:58 Hand Cart
27:38 Imperial Age
25:04 Loom
25:42 Scale Mail Armor
25:52 Forging
25:47 Gold Mining
25:48 Stone Mining
26:25 Masonry
26:38 Chain Mail Armor
26:35 Pikeman
27:52 Iron Casting
27:38 Squires
27:58 Fletching
28:31 Ballistics
28:49 Gold Shaft Mining
27:47 Halberdier
27:52 Heavy Scorpion
29:05 Plate Mail Armor
30:33 Siege Engineers
30:57 Conscription
30:01 Halberdier
31:53 Blast Furnace
30:48 Bodkin Arrow
31:11 Gambesons
32:56 Chemistry
32:27 Architecture
32:04 Capped Ram
32:51 Bracer
33:04 Siege Ram
34:36 Coinage
36:12 Stone Shaft Mining
37:20 Banking
39:26 Onager
40:44 Siege Onager
44:22 Crop Rotation
48:04 Scale Barding Armor
48:00 Stirrups
48:54 Light Cavalry
49:44 Bloodlines
49:34 Husbandry
Connection lost

Rejoining the realm…

Still unreachable

The connection could not be restored.

Session expired

The server has moved on; the page needs a fresh start.